 Dungeon Crawl Stone Soup version 0.27-a0-1140-g099f9bb0e8 (webtiles) character file.

Game seed: 2602493885516188105

717 Froggeryz the Firebug (level 7, -1/45 HPs)
             Began as a White Draconian Fire Elementalist on May 9, 2021.
             Was a Follower of Vehumet.
             Slain by a water moccasin (3 damage)
             ... on level 5 of the Dungeon.
             The game lasted 00:09:09 (5716 turns).

Froggeryz the Firebug (DrFE)                        Turns: 5716, Time: 00:09:10

Health: -1/45      AC:  6    Str: 10    XL:     7   Next: 42%
Magic:  1/10       EV: 12    Int: 17    God:    Vehumet [*.....]
Gold:   199        SH:  0    Dex: 12    Spells: 4/10 levels left

rFire    . . .     SeeInvis .   (no weapon)
rCold    + . .     Faith    .   (no shield)
rNeg     . . .     Spirit   .   (armour unavailable)
rPois    .         Reflect  .   (helmet restricted)
rElec    .         Harm     .   (no cloak)
rCorr    .         Rampage  .   (no gloves)
Will     .....                  (no boots)
Stlth    ++........             (no amulet)
HPRegen  0.15/turn              (no ring)
MPRegen  0.12/turn              (no ring)

@: lethally poisoned (-1 -> -21), very slightly contaminated
A: breathe frost, AC +6, unfitting armour, cold resistance 1, cold-blooded,
antennae 1, frail 1
a: Breathe Frost, Renounce Religion


You were on level 5 of the Dungeon.
You worshipped Vehumet.
Vehumet was aware of your devotion.
You visited 1 branch of the dungeon, and saw 5 of its levels.

You collected 199 gold pieces.

Inventory:

Wands
 c - a wand of iceblast (9)
 k - a wand of flame (22)
Scrolls
 b - 2 scrolls of enchant armour
 d - a scroll of enchant weapon
 e - 9 scrolls of identify
 i - a scroll of teleportation {unknown}
Potions
 f - a potion of might {unknown}
 g - a potion of haste {unknown}
 h - a potion of lignification {unknown}
 j - 3 potions of curing {unknown}
 l - a potion of heal wounds {unknown}


   Skills:
 - Level 1.7 Dodging
 - Level 1.7 Stealth
 - Level 2.0 Spellcasting
 + Level 5.4 Conjurations
 - Level 5.6 Fire Magic


You had 4 spell levels left.
You knew the following spells:

 Your Spells              Type           Power      Damage    Failure   Level
a - Foxfire               Conj/Fire      80%        2x1d8     1%          1
b - Sticky Flame          Conj/Fire      20%        2d4       21%         4
c - Freeze                Ice            4%         1d3       19%         1

Your spell library contained the following spells:

 Spells                   Type           Power      Damage    Failure   Level
 Magic Dart               Conj           80%        1d7       1%          1
 Conjure Flame            Conj/Fire      20%        6-21      6%          3
 Animate Skeleton         Necr           2%         N/A       19%         1
 Apportation              Tloc           2%         N/A       19%         1
 Corona                   Hex            1%         N/A       19%         1
 Summon Small Mammal      Summ           4%         N/A       19%         1
 Inner Flame              Hex/Fire       11%        N/A       19%         3
 Blink                    Tloc           N/A        N/A       28%         2
 Call Imp                 Summ           1%         N/A       28%         2
 Slow                     Hex            1%         N/A       28%         2
 Mephitic Cloud           Conj/Pois/Air  7%         N/A       28%         3
 Confusing Touch          Hex            1%         N/A       50%         3
 Gell's Gravitas          Tloc           0%         N/A       50%         3
 Petrify                  Tmut/Erth      1%         N/A       88%         4
 Fireball                 Conj/Fire      10%        3d6       50%         5
 Metabolic Englaciation   Hex/Ice        0%         N/A       99%         5
 Yara's Violent Unravell  Hex/Tmut       0%         3d3       99%         5


Dungeon Overview and Level Annotations

Branches:
Dungeon (5/15)
 Temple: D:4-7

Altars:
Hepliaklqana
Kikubaaqudgha
Qazlal
Ru
Vehumet
Yredelemnul
Zin


Innate Abilities, Weirdness & Mutations

You can breathe waves of freezing cold which knock back foes.
Your icy white scales are hard. (AC +6)
You cannot fit into any form of body armour.
Your flesh is cold resistant. (rC+)
You are cold-blooded and may be slowed by cold attacks.
You have a pair of small antennae on your head.
You are frail. (-10% HP)


Message History

Casting: Freeze (safe; 19% risk of failure)
Confirm with . or Enter, or press ? or * to list all spells.
Aiming: Freeze (safe; 19% risk of failure)
Press: ? - help, Shift-Dir - straight line, f/p - water moccasin
Aim: a water moccasin (severely wounded, slow)
You miscast Freeze.
You are very lightly contaminated with residual magic.
Nothing appears to happen.
The water moccasin bites you.
Casting: Freeze (safe; 19% risk of failure)
Confirm with . or Enter, or press ? or * to list all spells.
Aiming: Freeze (safe; 19% risk of failure)
Press: ? - help, Shift-Dir - straight line, f/p - water moccasin
Aim: a water moccasin (severely wounded, slow)
You freeze the water moccasin.
The water moccasin is severely wounded.
The water moccasin is no longer moving slowly.
The water moccasin bites you!
You are poisoned.
The water moccasin poisons you!
Casting: Freeze (safe; 19% risk of failure)
Confirm with . or Enter, or press ? or * to list all spells.
You conjure some foxfire!
You feel very sick.
The water moccasin completely misses you.
The water moccasin bites you.
You are more poisoned.
The water moccasin poisons you!
Your foxfire dissipates!
You feel very sick.
You feel very sick. The water moccasin bites you!
* * * LOW HITPOINT WARNING * * *
You are more poisoned.
The water moccasin poisons you!
It was a potion of mutation.
You feel extremely strange.
You feel frail. A pair of antennae grows on your head!
* * * LOW HITPOINT WARNING * * *
You feel very sick. The water moccasin bites you.
You die...

#############
###############.@S.........
................###########
.....<...########
##.#####.########
#......... #########.


You could see a water moccasin.

Vanquished Creatures
  A black bear (D:4)
  2 necrophages (D:4)
  A bullfrog (D:4)
  A water moccasin zombie (D:4)
  A scorpion (D:4)
  An orc priest (D:3)
  A human zombie (D:4)
  4 mummies (D:4)
  A hound zombie (D:4)
  A howler monkey zombie (D:4)
  3 adders
  A howler monkey skeleton (D:4)
  An adder zombie (D:4)
  An adder skeleton (D:4)
  2 worms
  A dart slug (D:4)
  4 orcs
  5 ball pythons
  6 endoplasms
  5 giant cockroaches
  7 goblins
  5 hobgoblins
  13 jackals
  2 quokkas (D:1)
  11 bats
  2 frilled lizards
  5 kobolds
  A quokka zombie (D:4)
  6 rats
95 creatures vanquished.

Vanquished Creatures (others)
  A human (D:3)
  360 foxfires
361 creatures vanquished.

Grand Total: 456 creatures vanquished

Notes
Turn   | Place    | Note
-------+----------+-------------------------------------------
     0 | D:1      | Froggeryz the Draconian Fire Elementalist began the quest
                  | for the Orb.
     0 | D:1      | Reached XP level 1. HP: 14/14 MP: 3/3
   274 | D:1      | Reached XP level 2. HP: 20/20 MP: 3/5
  1655 | D:1      | Reached XP level 3. HP: 26/26 MP: 4/6
  1831 | D:2      | Found a faded altar of an unknown god.
  2333 | D:2      | Reached XP level 4. HP: 32/33 MP: 3/7
  2781 | D:3      | Found an ancient bone altar of Kikubaaqudgha.
  3231 | D:3      | Noticed a human
  3232 | D:3      | Killed a human
  3672 | D:4      | Noticed a bullfrog
  3677 | D:4      | Killed a bullfrog
  3678 | D:4      | Reached skill level 5 in Fire Magic
  3678 | D:4      | Reached XP level 5. HP: 38/38 MP: 3/8
  3688 | D:4      | Noticed a black bear
  3773 | D:4      | Killed a black bear
  3774 | D:4      | Reached XP level 6. HP: 42/45 MP: 0/9
  4063 | D:4      | Found a glowing silver altar of Zin.
  4066 | D:4      | Found a hazy altar of Hepliaklqana.
  4069 | D:4      | Found a sacrificial altar of Ru.
  4072 | D:4      | Found a stormy altar of Qazlal.
  4257 | D:4      | Found a radiant altar of Vehumet.
  4303 | D:4      | Became a worshipper of Vehumet
  4835 | D:4      | Learned a level 4 spell: Sticky Flame
  4968 | D:4      | Your scales start taking on an icy white colour.
  4968 | D:4      | Reduced skill Fire Magic to level 5
  4968 | D:4      | Reached XP level 7. HP: 39/50 MP: 1/10
  4968 | D:4      | Gained mutation: Your flesh is cold resistant. (rC+) [White
                  | Draconian growth]
  5264 | D:4      | Found a basalt altar of Yredelemnul.
  5279 | D:4      | Reached skill level 5 in Conjurations
  5589 | D:4      | Reached * piety under Vehumet
  5589 | D:4      | Offered knowledge of Freeze by Vehumet.
  5603 | D:4      | Learned a level 1 spell: Freeze
  5681 | D:5      | Entered Level 5 of the Dungeon
  5716 | D:5      | Gained mutation: You are frail. (-10% HP) [potion of
                  | mutation]
  5716 | D:5      | Gained mutation: You have a pair of small antennae on your
                  | head. [potion of mutation]
  5716 | D:5      | HP: 2/45 [poisoned by a water moccasin]
  5716 | D:5      | Slain by a water moccasin

Illustrated notes

Levels and vault maps discovered:
D:1:      psy_arrival_fountain, layout_loops_corners, minivault_26,
          minmay_misc_feat_tower, minmay_misc_feat_columns
D:2:      layout_rooms, hellmonk_ecumenical_altar_heavens_door,
          minmay_split_cup_large
D:3:      layout_basic, tgw_kikubaaqudgha
D:4:      layout_basic, kennysheep_little_box,
          lemuel_mausoleum_altar_yredelemnul, grunt_temple_overflow_cloverleaf,
          kennysheep_generic_room_8
D:5:      layout_rooms, minmay_temple_entry_proselytizer

Skill      XL: |  1  2  3  4  5  6  7 |
---------------+----------------------+-----
Fire Magic     | 4 5 5 |  5.6
Conjurations   | 2 3 4 5 |  5.4
Dodging        | |  1.7
Stealth        | |  1.7
Spellcasting   | |  2.0

Action                   |  1- 3 |  4- 6 |  7- 9 || total
-------------------------+-------+-------+-------++-------
Melee: Unarmed           |    61 |    51 |    20 ||   132
       Tailslap          |     6 |     7 |     8 ||    21
 Cast: Foxfire           |    72 |   114 |    39 ||   225
       Freeze            |       |       |     7 ||     7
 Abil: Breathe Frost     |       |       |     2 ||     2
  Use: Scroll            |     4 |       |       ||     4
       Potion            |       |       |     1 ||     1
Armor: Skin              |    31 |    25 |    12 ||    68
Dodge: Dodged            |    71 |    64 |    23 ||   158

Table legend: (Time is in decaauts)
 A = Elapsed time spent in this place.
 B = Non-inter-level travel time spent in this place.
 C = Inter-level travel time spent in this place.
 D = Time resting spent in this place.
 E = Time spent auto-exploring this place.
 F = Levels seen in this place.
 G = Mean time per level.
                   A        B        C        D        E       F      G
               +--------+--------+--------+--------+--------+-----+--------+
         Total |   5716 |   5632 |     84 |    726 |   4024 |   5 | 1143.2 |
       Dungeon |   5716 |   5632 |     84 |    726 |   4024 |   5 | 1143.2 |
               +--------+--------+--------+--------+--------+-----+--------+

Top non-repeatable levels by time:
     D:4: 2045 daAuts
     D:1: 1822 daAuts
     D:3: 1127 daAuts
     D:2: 686 daAuts
     D:5: 34 daAuts
